 Dungeon Crawl Stone Soup version 0.30-a0-923-g828ccac5a3 (webtiles) character file.

Game seed: 8701147479625405735

329 Querens the Vexing (level 6, -2/28 HPs)
             Began as a Spriggan Enchanter on Mar 22, 2023.
             Slain by Duvessa
             ... wielding a +0 short sword
              (9 damage)
             ... on level 4 of the Dungeon.
             The game lasted 00:12:11 (2340 turns).

Querens the Vexing (Spriggan Enchanter)             Turns: 2340, Time: 00:12:12

Health: -2/28      AC:  2    Str:  4    XL:     6   Next: 25%
Magic:  0/14       EV: 17    Int: 17    God:
Gold:   96         SH:  0    Dex: 17    Spells: 4/15 levels left

rFire   . . .      SeeInvis +    a - +1 dagger
rCold   . . .      Faith    .    (no shield)
rNeg    + . .      Spirit   .    b - +0 robe
rPois   .          Reflect  .    (helmet restricted)
rElec   .          Rampage  .    (no cloak)
rCorr   .                        (gloves unavailable)
Will    +....                    (boots unavailable)
Stlth   +++                      (no amulet)
HPRegen 0.24/turn                m - ring of positive energy
MPRegen 0.14/turn                (no ring)

@: very quick
A: very small, no large weapons, unfitting armour, see invisible, speed 3
a: no special abilities


You were on level 4 of the Dungeon.
You visited 2 branches of the dungeon, and saw 6 of its levels.

You collected 222 gold pieces.
You spent 126 gold pieces at shops.

Inventory:

Hand Weapons
 a - a +1 dagger (weapon)
Armour
 b - a +0 robe (worn)
 n - a +0 buckler
Jewellery
 m - a ring of positive energy (left hand)
Wands
 p - a wand of roots (6)
Scrolls
 d - 2 scrolls of blinking
 g - a scroll of amnesia {unknown}
 h - 2 scrolls of teleportation {unknown}
 i - 2 scrolls of vulnerability {unknown}
 q - 2 scrolls of enchant armour {unknown}
 s - a scroll of fear {unknown}
Potions
 c - 2 potions of invisibility
 e - 7 potions of curing
 k - a potion of brilliance
 l - 2 potions of flight
 o - 2 potions of might
 r - a potion of heal wounds {unknown}
 u - a potion of attraction {unknown}


   Skills:
 + Level 4.0 Short Blades
 - Level 2.6 Dodging
 - Level 4.4 Stealth
 + Level 5.1 Spellcasting
 + Level 5.7 Hexes


You had 4 spell levels left.
You knew the following spells:

 Your Spells              Type           Power      Damage    Failure   Level
a - Ensorcelled Hibernat  Hex/Ice        28%        N/A       7%          2
b - Confusing Touch       Hex            23%        N/A       4%          3
c - Dazzling Flash        Conj/Hex       28%        N/A       13%         3
d - Tukima's Dance        Hex            23%        N/A       4%          3

Your spell library contained the following spells:

 Spells                   Type           Power      Damage    Failure   Level
 Static Discharge         Conj/Air       8%         2-3/arc   22%         2
 Spider Form              Tmut/Pois      4%         N/A       38%         3
 Vhi's Electric Charge    Tloc/Air       8%         N/A       38%         3
 Anguish                  Hex/Necr       7%         N/A       41%         4
 Arcjolt                  Conj/Air       2%         1d12      98%         5
 Plasma Beam              Fire/Air       2%         2x1d13    98%         5


Dungeon Overview and Level Annotations

Branches:
Dungeon (5/15)             Temple (1/1) D:4

Altars:
Ashenzari
Cheibriados
Dithmenos
Fedhas
Gozag
Hepliaklqana
Kikubaaqudgha
Makhleb
Okawaru
Qazlal
Ru
Sif Muna
Trog
Xom
The Shining One

Shops:
D:3 *

Annotations:
D:4 Dowan, Duvessa


Innate Abilities, Weirdness & Mutations

You are very small and have problems with some larger weapons.
You are too small for most types of armour.
You have supernaturally acute eyesight. (SInv)
You cover ground extremely quickly. (Speed+++)


Message History

Confirm with . or Enter, or press ? or * to list all spells.
Okay, then.
You catch the helpless Dowan completely off-guard!
You puncture Dowan!
Dowan is severely wounded.
Casting: Ensorcelled Hibernation (safe; 7% risk of failure)
Confirm with . or Enter, or press ? or * to list all spells.
Aiming: Ensorcelled Hibernation (safe; 7% risk of failure)
Press: ? - help, Shift-Dir - straight line, f/p - Duvessa
Aim: Duvessa, wielding a +0 short sword and wearing a +3 leather armour of cold resistance (not susceptible) Duvessa is unaffected.
Dowan misses you. Duvessa hits you with a +0 short sword!
* * * LOW HITPOINT WARNING * * *
Your magical contamination has completely faded away.
Dowan hits Duvessa but does no damage.
Casting: Ensorcelled Hibernation (safe; 7% risk of failure)
Confirm with . or Enter, or press ? or * to list all spells.
Aiming: Ensorcelled Hibernation (safe; 7% risk of failure)
Press: ? - help, Shift-Dir - straight line, f/p - Duvessa
Aim: Duvessa, wielding a +0 short sword and wearing a +3 leather armour of cold resistance (not susceptible) Duvessa is unaffected.
Unknown command.
Casting: Ensorcelled Hibernation (safe; 7% risk of failure)
Confirm with . or Enter, or press ? or * to list all spells.
Okay, then.
Casting: Ensorcelled Hibernation (safe; 7% risk of failure)
Confirm with . or Enter, or press ? or * to list all spells.
Aiming: Ensorcelled Hibernation (safe; 7% risk of failure)
Press: ? - help, Shift-Dir - straight line, f - Dowan, p - Duvessa
Aim: Dowan, wielding a +0 dagger and wearing a +0 robe (severely wounded, confused, chance to affect: 48%) Dowan looks drowsy...
Dowan shouts!
Casting: Ensorcelled Hibernation (safe; 7% risk of failure)
Confirm with . or Enter, or press ? or * to list all spells.
Aiming: Ensorcelled Hibernation (safe; 7% risk of failure)
Press: ? - help, Shift-Dir - straight line, f - Duvessa, p - Dowan
Aim: Duvessa, wielding a +0 short sword and wearing a +3 leather armour of cold resistance (not susceptible) Duvessa is unaffected.
Dowan hits Duvessa but does no damage.
Dowan barely misses himself.
Duvessa hits you with a +0 short sword!
You die...

#..## ####### ###### ###### #..##
......# #....# #....# #####<.##
......##+....# #....# #........
......#....<.# #....# #........
......#......# #....#####........
......#......###....##..........#
....................++...........
.###.....####...@...##......###..
.###...#.##.'...e....#......#...#
.#.....#.##.#..e.#...#...........
.+...................#...........
.#.......###.#.###...........###.
.#.##'#..........#.#####'#####...
.#...!..###..................#.#.
.+......# #..........#...#.... #.
.#####..######.....#.#...#.....#.


You could see Duvessa and Dowan (confused).

Vanquished Creatures
  An ogre (D:3)
  A phantom (D:5)
  An orc priest (D:3)
  An orc wizard (D:4)
  5 adders
  4 worms (D:2)
  3 orcs
  2 ball pythons
  3 bats
  2 endoplasms
  4 giant cockroaches
  4 goblins
  9 hobgoblins
  A jackal (D:1)
  4 kobolds
  A quokka (D:2)
  6 frilled lizards
  4 rats
56 creatures vanquished.

Notes
Turn   | Place    | Note
-------+----------+-------------------------------------------
     0 | D:1      | Querens the Spriggan Enchanter began the quest for the Orb.
     0 | D:1      | Reached XP level 1. HP: 9/9 MP: 5/5
   176 | D:1      | Reached XP level 2. HP: 13/13 MP: 7/7
   576 | D:1      | Learned a level 2 spell: Ensorcelled Hibernation
   626 | D:2      | Found a faded altar of an unknown god.
   632 | D:2      | Reached XP level 3. HP: 16/16 MP: 8/8
   977 | D:3      | Noticed an ogre
   992 | D:3      | Killed an ogre
   993 | D:3      | Reached XP level 4. HP: 21/21 MP: 2/11
  1274 | D:3      | Found Xienwaesmi's General Store.
  1331 | D:3      | Reached skill level 5 in Hexes
  1331 | D:3      | Reached XP level 5. HP: 24/24 MP: 5/12
  1349 | D:3      | Bought a potion of flight for 36 gold pieces
  1349 | D:3      | Bought a scroll of blinking for 90 gold pieces
  1497 | D:4      | Noticed Duvessa
  1590 | D:4      | Noticed Dowan
  1610 | D:4      | Learned a level 3 spell: Confusing Touch
  1614 | D:4      | Learned a level 3 spell: Dazzling Flash
  1618 | D:4      | Learned a level 3 spell: Tukima's Dance
  1828 | D:4      | Found a staircase to the Ecumenical Temple.
  1834 | Temple   | Entered the Ecumenical Temple
  1957 | D:5      | Entered Level 5 of the Dungeon
  1957 | D:5      | Found a shimmering altar of Xom.
  1999 | D:5      | Noticed a phantom
  2024 | D:5      | HP: 1/24 [phantom (6)]
  2060 | D:5      | Noticed a lemure
  2120 | D:5      | Killed a phantom
  2121 | D:5      | Reached skill level 5 in Spellcasting
  2121 | D:5      | Reached XP level 6. HP: 12/28 MP: 10/14
  2340 | D:4      | Slain by Duvessa

Illustrated notes

Levels and vault maps discovered:
D:1:      kennysheep_arrival_seaside, layout_rooms,
          chequers_serial_rivers_micro_c, hangedman_feature_mirror,
          nicolae_concentric_dashed_squares_wild
D:2:      layout_rooms, shapermc_ecumenical_altar_totnotflames
D:3:      layout_loops_ring, serial_shops, shop
D:4:      layout_basic, minmay_temple_entry_hall, minmay_statues_item,
          serial_bayou_pond_d, chequers_serial_rivers_room_b, uniq_duvessa
D:5:      layout_rooms, mainiacjoe_overflow_small_starburst, uniq_pikel,
          uniq_menkaure
Temple:   nicolae_temple_two_arcs

Skill      XL: |  1  2  3  4  5 |
---------------+----------------+-----
Spellcasting   | 3 4 5 |  5.1
Hexes          | 4 5 |  5.7
Short Blades   | 2 3 4 |  4.0
Dodging        | |  2.6
Stealth        | |  4.4

Action                     |  1- 3 |  4- 6 || total
---------------------------+-------+-------++-------
  Melee: Dagger            |   135 |    65 ||   200
   Cast: Ensorcelled Hiber |     9 |    22 ||    31
         Confusing Touch   |       |     4 ||     4
  Evoke: Wand              |       |     2 ||     2
    Use: Scroll            |       |     4 ||     4
   Stab: Sleeping          |    12 |    14 ||    26
         Distracted        |     1 |       ||     1
         Confused          |       |     3 ||     3
 Armour: Robe              |    19 |     4 ||    23
  Dodge: Dodged            |    82 |    36 ||   118

Table legend: (Time is in decaauts)
 A = Elapsed time spent in this place.
 B = Non-inter-level travel time spent in this place.
 C = Inter-level travel time spent in this place.
 D = Time resting spent in this place.
 E = Time spent auto-exploring this place.
 F = Levels seen in this place.
 G = Mean time per level.
                   A        B        C        D        E       F      G
               +--------+--------+--------+--------+--------+-----+--------+
         Total |   1541 |   1502 |     39 |      0 |      0 |   6 |  256.8 |
       Dungeon |   1509 |   1470 |     39 |      0 |      0 |   5 |  301.8 |
        Temple |     31 |     31 |      0 |      0 |      0 |   1 |   31.0 |
               +--------+--------+--------+--------+--------+-----+--------+

Top non-repeatable levels by time:
     D:1: 376 daAuts
     D:3: 353 daAuts
     D:4: 350 daAuts
     D:2: 254 daAuts
     D:5: 174 daAuts
  Temple: 31 daAuts
